 Dungeon Crawl Stone Soup version 0.23.2-1-ga50397a (webtiles) character file.

Game seed: 16373502372567438175

533 MalarOregon the Ruffian (level 7, -9/61 HPs)
             Began as a Ghoul Gladiator on May 31, 2019.
             Mangled by a gnoll
             ... wielding a +0 halberd
              (14 damage)
             ... on level 4 of the Dungeon.
             The game lasted 00:07:21 (2544 turns).

MalarOregon the Ruffian (Ghoul Gladiator)           Turns: 2544, Time: 00:07:21

Health: -9/61      AC:  8    Str: 18    XL:     7   Next: 24%
Magic:  15/15      EV: 12    Int:  5    God:
Gold:   170        SH:  0    Dex: 10    Spells: 6/6 levels left

rFire    + . .     SeeInvis .     - Unarmed
rCold    + . .     Gourm    .   (no shield)
rNeg     + + +     Faith    .   f - +2 robe {rF+}
rPois    ∞         Spirit   .   b - +1 helmet
rElec    .         Reflect  .   i - +0 cloak
rCorr    .         Harm     .   n - +0 pair of gloves
MR       .....                  (no boots)
Stlth    +++.......             (no amulet)
HPRegen  0.00/turn              k - ring of magical power
MPRegen  0.14/turn              (no ring)

@: rotting
A: rotting body, claws 1, carnivore, cold resistance 1, negative energy
resistance 3, inhibited regeneration, torment resistance, unbreathing
a: no special abilities


You were on level 4 of the Dungeon.
You were not hungry.

You visited 1 branch of the dungeon, and saw 4 of its levels.

You collected 170 gold pieces.

Inventory:

Missiles
 c - 3 throwing nets (quivered) {!f}
Armour
 b - a +1 helmet (worn)
 f - a +2 robe of fire resistance (worn)
   (You took it off Sigmund on level 4 of the Dungeon)
 i - a +0 cloak (worn)
   (You found it on level 2 of the Dungeon)
 n - a +0 pair of gloves (worn)
   (You found it on level 1 of the Dungeon)
Jewellery
 k - a ring of magical power (left hand)
   (You found it on level 3 of the Dungeon)
Wands
 x - a wand of acid (8)
   (You found it on level 4 of the Dungeon)
Scrolls
 d - 3 scrolls of amnesia
 g - 4 scrolls of identify {@r1}
 h - a scroll of magic mapping
 l - a scroll of fog
 m - a scroll of remove curse {@r2}
 o - a scroll of teleportation {unknown}
Potions
 j - a potion of might
 r - 2 potions of heal wounds {@q2}
Comestibles
 e - 5 rations {!d}


   Skills:
 + Level 5.1 Fighting
 - Level 1.7 Throwing
 - Level 2.6 Dodging
 + Level 4.9 Stealth
 + Level 5.7 Unarmed Combat


You had 6 spell levels left.
You didn't know any spells.
Your spell library was empty.

Dungeon Overview and Level Annotations

Branches:
Dungeon (4/15)
 Temple: D:4-7

Altars:
Ashenzari
Elyvilon
Fedhas
Nemelex Xobeh
Okawaru
Vehumet


Innate Abilities, Weirdness & Mutations

Your body is rotting away.
You thrive on raw meat.
You are immune to poison.
You have sharp fingernails.
You are carnivorous and can eat meat at any time.
Your flesh is cold resistant. (rC+)
You are immune to negative energy. (rN+++)
You do not regenerate when monsters are visible.
You are immune to unholy pain and torment.
You can survive without breathing.


Message History

You see here a gnoll corpse.
You punch the gnoll!
The gnoll hits you from afar with a +0 spear.
The gnoll barely misses you.
You closely miss the gnoll. The gnoll hits you but does no damage.
You barely miss the gnoll. The gnoll barely misses you.
The gnoll closely misses you.
You hit the gnoll.
The gnoll hits you from afar with a +0 spear.
You closely miss the gnoll. The gnoll hits you with a +0 halberd.
The gnoll closely misses you.
You barely miss the gnoll. The gnoll misses you.
The gnoll hits you from afar with a +0 spear.
The gnoll closely misses you.
You hit the gnoll but do no damage. The gnoll hits you but does no damage.
The gnoll hits you from afar with a +0 halberd.
The gnoll hits you from afar with a +0 halberd!
* * * LOW HITPOINT WARNING * * *
The gnoll closely misses you. The gnoll barely misses you.
The gnoll hits you with a +0 spear.
* * * LOW HITPOINT WARNING * * *
You see here a gnoll corpse.
You hit the gnoll.
You kill the gnoll!
The gnoll hits you from afar with a +0 halberd!
* * * LOW HITPOINT WARNING * * *
The gnoll barely misses you.
You butcher the gnoll corpse.
The gnoll misses you. The gnoll hits you with a +0 spear.
* * * LOW HITPOINT WARNING * * *
Things that are here:
2 chunks of flesh; a gnoll skeleton Eat one of 2 chunks of flesh? (ye/n/q)
You eat one of the 2 chunks of flesh.
You feel more resilient.
This raw flesh tastes great!
The gnoll hits you but does no damage. The gnoll barely misses you.
Eat a chunk of flesh? (ye/n/q)
You eat the chunk of flesh.
This raw flesh tastes great!
The gnoll closely misses you.
You punch the gnoll!
The gnoll hits you from afar with a +0 halberd.
* * * LOW HITPOINT WARNING * * *
You hit the gnoll. The gnoll closely misses you. The gnoll barely misses you.
You hit the gnoll but do no damage. The gnoll hits you with a +0 spear!
* * * LOW HITPOINT WARNING * * *
The gnoll misses you.
You hit the gnoll.
You kill the gnoll!
The gnoll hits you with a +0 halberd!
You die...

#(..(......##
##.....##...##
####.#####...##
### ##...#
##..## ##[.##
##..## ##.g##
##@)# ##÷##
##.# ###


You could see a gnoll.

Vanquished Creatures
  Sigmund (D:4)
  An ogre (D:4)
  A centaur (D:4)
  A crimson imp (D:4)
  A hound skeleton (D:3)
  4 adders
  4 gnolls
  2 oozes
  2 worms (D:2)
  2 dart slugs
  A leopard gecko (D:2)
  6 orcs
  9 bats
  A giant cockroach (D:2)
  6 goblins
  11 hobgoblins
  3 jackals (D:1)
  A quokka (D:2)
  A ball python (D:3)
  4 frilled lizards
  2 kobolds (D:1)
  11 rats
75 creatures vanquished.

Notes
Turn   | Place    | Note
-------+----------+-------------------------------------------
     0 | D:1      | MalarOregon the Ghoul Gladiator began the quest for the
                  | Orb.
     0 | D:1      | Reached XP level 1. HP: 17/17 MP: 0/0
   125 | D:1      | Reached skill level 1 in Stealth
   125 | D:1      | Reached XP level 2. HP: 18/25 MP: 1/1
   242 | D:1      | Reached XP level 3. HP: 21/30 MP: 2/2
   620 | D:2      | Found an iron altar of Okawaru.
   795 | D:2      | Reached XP level 4. HP: 35/38 MP: 3/3
  1110 | D:3      | Found a sparkling altar of Nemelex Xobeh.
  1171 | D:3      | Found a shattered altar of Ashenzari.
  1174 | D:3      | Found a radiant altar of Vehumet.
  1237 | D:3      | Found a sparkling altar of Nemelex Xobeh.
  1237 | D:3      | Found a blossoming altar of Fedhas.
  1330 | D:3      | Reached XP level 5. HP: 46/46 MP: 3/4
  1920 | D:3      | Found a white marble altar of Elyvilon.
  1977 | D:4      | Noticed an ogre
  1988 | D:4      | Killed an ogre
  1988 | D:4      | Reached XP level 6. HP: 25/52 MP: 5/5
  2000 | D:4      | Reached skill level 5 in Unarmed Combat
  2196 | D:4      | Noticed Sigmund
  2449 | D:4      | Killed Sigmund
  2449 | D:4      | Reached skill level 5 in Fighting
  2449 | D:4      | Reached XP level 7. HP: 39/61 MP: 6/6
  2544 | D:4      | Mangled by a gnoll

Skill      XL: |  1  2  3  4  5  6 |
---------------+-------------------+-----
Stealth        | 1 2 3 4 |  4.9
Fighting       | 3 4 5 |  5.1
Unarmed Combat | 4 5 |  5.7
Throwing       | |  1.7
Dodging        | |  2.6

Action                   |  1- 3 |  4- 6 |  7- 9 || total
-------------------------+-------+-------+-------++-------
Melee: Unarmed           |   118 |   155 |    15 ||   288
       Punch             |     2 |     3 |       ||     5
Evoke: Wand              |       |     1 |       ||     1
  Use: Scroll            |     3 |     7 |       ||    10
 Stab: Sleeping          |       |     6 |       ||     6
  Eat: Chunk             |     6 |     8 |     2 ||    16
Armor: Leather armour    |    35 |    40 |       ||    75
       Robe              |       |       |     3 ||     3
Dodge: Dodged            |    84 |    80 |    17 ||   181
